 Dungeon Crawl Stone Soup version 0.31-a0-188-g5e087ee2ca (webtiles) character file.

Game seed: 8308335140673911542

18 qw the Shooter (level 2, -1/16 HPs)
             Began as a Deep Elf Hunter on June 23, 2023.
             Succumbed to their own poison gas
             ... on level 1 of the Dungeon.
             The game lasted 00:00:14 (567 turns).

qw the Shooter (Deep Elf Hunter)                     Turns: 567, Time: 00:00:14

Health: -1/16      AC:  5    Str:  8    XL:     2   Next: 51%
Magic:  4/4        EV: 12    Int: 13    God:
Gold:   47         SH:  0    Dex: 18    Spells: 1/1 levels left

rFire   . . .        Y - +0 shortbow
rCold   . . .        (shield currently unavailable)
rNeg    + . .        c - +0 leather armour
rPois   .            (no helmet)
rElec   .            i - +0 cloak
rCorr   .            (no gloves)
SInv    .            a - +0 pair of boots {Stlth+}
Will    .....        (no amulet)
Stlth   +++          k - ring of positive energy
HPRegen 0.22/turn    (no ring)
MPRegen 0.09/turn

%: no passive effects
@: lethally poisoned (-1 -> -6)
A: no striking features
a: no special abilities


You were on level 1 of the Dungeon.
You visited 1 branch of the dungeon, and saw 1 of its levels.

You collected 47 gold pieces.


   Skills:
 - Level 1.5 Fighting
 + Level 6.3 Ranged Weapons
 - Level 2.4 Dodging
 - Level 1.2 Stealth


You had one spell level left.
You didn't know any spells.
Your spell library was empty.

Inventory:

Hand Weapons
 Y - a +0 shortbow (weapon)
Armour
 a - a +0 pair of boots of stealth (worn)
 c - a +0 leather armour (worn)
 i - a +0 cloak (worn)
Jewellery
 k - a ring of positive energy (left hand)
Potions
 d - a potion of curing {unknown}
 f - a potion of enlightenment {unknown}
 j - a potion of berserk rage {unknown}

Dungeon Overview and Level Annotations

Branches:
Dungeon (1/15)

Altars:

Shops:
D:1 !=[


Message History

a - a +0 pair of boots of stealth
556 ||| UPGRADING to +0 pair of boots of stealth.
You start putting on your armour.
You continue putting on your +0 pair of boots of stealth. x4
You finish putting on your +0 pair of boots of stealth.
You feel stealthy.
Done exploring.
561 ||| READING scroll labelled ANTIFA XAWEAWYI.
The air fills with toxic fumes!
As you read the scroll labelled ANTIFA XAWEAWYI, it crumbles to dust.
It was a scroll of poison.
Done exploring.
562 ||| DROPPING scroll of butterflies.
You drop a scroll of butterflies.
Done exploring.
(D) Dungeon
Where to? (* - list waypoints, ? - help)
What level of the Dungeon? (default 1, ? - help) Sorry, I don't know how to get there.
Enter note:
Enter note:
Enter note:
Enter note:
Enter note:
Enter note:
Enter note:
Enter note:
Enter note: Really walk into that cloud of poison gas?
You are engulfed in poison gas.
You are poisoned.
You feel very sick.
You see here 5 stones.
564 ||| Stepping ~*~*~tactically~*~*~ (cloud).
You feel very sick.
You see here a scroll of butterflies.
There is a lethal amount of poison in your body!
You feel sick.
There is a lethal amount of poison in your body!
You feel sick.
There is a lethal amount of poison in your body!
You die...

####.......#...##.....###.###...#
.......(......0##¤#.##.##.#####.#
########......¤.#¤¤.¤.\.#8#..##..
##.#.#.#¤#¤#¤##%....)...##
#.###..#¤#¤#¤##.##....#.#
##.#.#....¤¤..........#.#
##.####.#¤#.##.##....#.#
#.####.#¤#.##.##......#
###¤¤0¤¤¤@¤¤¤¤¤¤##.######
##..¤#####00¤00¤0##.# ##....#
#¤¤¤¤¤¤0##.# #.....# #¤0¤¤¤¤¤##.#
#.~~~.# #¤¤¤¤¤¤¤##.# #.~\~.#
#¤¤¤¤¤¤¤##.##### #.~~~.#
#¤¤¤¤¤¤¤##.....#
#.....##################.#
#####.#.........# #.#


There were no monsters in sight!

Vanquished Creatures
  A dart slug (D:1)
  3 endoplasms (D:1)
  A giant cockroach (D:1)
  A goblin (D:1)
  2 quokkas (D:1)
  A ball python (D:1)
  4 bats (D:1)
  A frilled lizard (D:1)
  2 kobolds (D:1)
  A rat (D:1)
17 creatures vanquished.

Notes
Turn   | Place    | Note
-------+----------+-------------------------------------------
     0 | D:1      | qw the Deep Elf Hunter began the quest for the Orb.
     0 | D:1      | Reached XP level 1. HP: 12/12 MP: 3/3
     0 | D:1      | 0 ||| qw: Version: 0.3-a-9-g12657ce
     0 | D:1      | 0 ||| qw: Game counter: 4100
     0 | D:1      | 0 ||| qw: Always use a shield: true
     0 | D:1      | 0 ||| qw: God list: Okawaru
     0 | D:1      | 0 ||| qw: Allow faded altars: false
     0 | D:1      | 0 ||| qw: Do Orc after D:15 true
     0 | D:1      | 0 ||| qw: Do second Lair branch before Depths: true
     0 | D:1      | 0 ||| qw: Lair rune preference: random
     0 | D:1      | 0 ||| qw: Plans: Normal
     0 | D:1      | 0 ||| PLANNING D:1-11
   100 | D:1      | Reached XP level 2. HP: 16/16 MP: 4/4
   126 | D:1      | Found Zerphesmi's Jewellery Boutique.
   128 | D:1      | Reached skill level 6 in Ranged Weapons
   133 | D:1      | 133 ||| SHOPLISTING +4 ring of protection (432 gold, have
                  | 10).
   133 | D:1      | 133 ||| SHOPLISTING +6 ring of dexterity (432 gold, have
                  | 10).
   133 | D:1      | 133 ||| SHOPLISTING ring of poison resistance (240 gold,
                  | have 10).
   147 | D:1      | Found Les Soczysia's Armour Boutique.
   152 | D:1      | 152 ||| SHOPLISTING +0 leather armour of poison resistance
                  | (78 gold, have 10).
   152 | D:1      | 152 ||| SHOPLISTING +0 pair of gloves (58 gold, have 10).
   152 | D:1      | 152 ||| SHOPLISTING +0 ring mail (52 gold, have 10).
   152 | D:1      | 152 ||| SHOPLISTING +0 scale mail (52 gold, have 10).
   152 | D:1      | 152 ||| SHOPLISTING +1 fire dragon scales (871 gold, have
                  | 10).
   152 | D:1      | 152 ||| SHOPLISTING +3 ring mail of poison resistance (299
                  | gold, have 10).
   336 | D:1      | Found Noastrauvo's Distillery.
   343 | D:1      | 343 ||| SHOPLISTING 2 potions of heal wounds (130 gold,
                  | have 10).
   343 | D:1      | 343 ||| SHOPLISTING potion of cancellation (104 gold, have
                  | 10).
   343 | D:1      | 343 ||| SHOPLISTING potion of curing (39 gold, have 10).
   343 | D:1      | 343 ||| SHOPLISTING potion of haste (130 gold, have 10).
   343 | D:1      | 343 ||| SHOPLISTING potion of heal wounds (65 gold, have
                  | 10).
   343 | D:1      | 343 ||| SHOPLISTING potion of might (52 gold, have 10).
   547 | D:1      | 547 ||| UPGRADING to +0 cloak.
   552 | D:1      | 552 ||| UPGRADING to ring of positive energy.
   553 | D:1      | 553 ||| READING scroll labelled SAUXUY JEUG.
   554 | D:1      | 554 ||| READING scroll labelled HYATROAXERGH.
   554 | D:1      | Identified a scroll of acquirement
   554 | D:1      | 554 ||| ACQUIRING +0 pair of boots of stealth
   554 | D:1      | Acquired a +0 pair of boots of stealth
   556 | D:1      | 556 ||| UPGRADING to +0 pair of boots of stealth.
   561 | D:1      | 561 ||| READING scroll labelled ANTIFA XAWEAWYI.
   562 | D:1      | 562 ||| DROPPING scroll of butterflies.
   564 | D:1      | 564 ||| Stepping ~*~*~tactically~*~*~ (cloud).
   564 | D:1      | HP: 4/16 [poisoned by you (poison gas)]
   566 | D:1      | HP: 1/16 [poisoned by you (poison gas)]
   567 | D:1      | Succumbed to their own poison gas

Levels and vault maps discovered:
D:1:      psy_arrival_heroes, layout_loops_cross, serial_shops,
          nicolae_shop_industrial_runoff, shop, shop

Skill      XL: |  1  2 |
---------------+-------+-----
Ranged Weapons | 6 |  6.3
Fighting       | |  1.5
Dodging        | |  2.4
Stealth        | |  1.2

Action                     || total
---------------------------++-------
   Fire: Shortbow          ||    38
    Use: Scroll            ||     3
 Armour: Leather armour    ||     1
  Dodge: Dodged            ||     5

Table legend:
 A = Non-vault XP
 B = Vault XP
 C = Vault XP percentage of total XP
 D = Non-vault monster count
 E = Vault monster count
 F = Vault count percentage of total count
                 A         B        C        D         E       F
            +---------+---------+-------+---------+---------+-------
      Total |      27 |       0 |   0.0 |      17 |       0 |   0.0
            +---------+---------+-------+---------+---------+-------
        D:1 |      27 |       0 |   0.0 |      17 |       0 |   0.0
            +---------+---------+-------+---------+---------+-------
